 Dungeon Crawl Stone Soup version 0.22-a0-355-g201945f (webtiles) character file.

20834 dstrtn the Spear-Bearer (level 12, -6/96 HPs)
             Began as a Mummy Skald on Apr 16, 2018.
             Was a Priest of Kikubaaqudgha.
             Mangled by a blink frog (10 damage)
             ... on level 3 of the Lair of Beasts on Apr 17, 2018.
             The game lasted 01:37:35 (19535 turns).

dstrtn the Spear-Bearer (Mummy Skald)              Turns: 19535, Time: 01:37:35

Health: -6/96      AC: 12    Str: 16    XL:     12   Next: 48%
Magic:  3/25       EV: 12    Int: 16    God:    Kikubaaqudgha [***...]
Gold:   528        SH:  4    Dex: 11    Spells: 5/17 levels left

rFire    . . .     SeeInvis .   m - +4 trident
rCold    . . .     Gourm    .   g - +0 buckler
rNeg     + + +     Faith    .   a - +0 ring mail
rPois    ∞         Spirit   .   o - +2 helmet
rElec    .         Reflect  .   (no cloak)
rCorr    .         Harm     .   y - +2 pair of gloves
MR       +....                  l - +0 pair of boots of Daisies {rPois}
Stlth    +.........             (no amulet)
HPRegen  0.26/turn              i - ring of magical power
MPRegen  0.19/turn              I - ring of fire

@: very slightly contaminated
A: no food or potions, fire vulnerability, cold resistance 1, negative energy
resistance 3, torment resistance, unbreathing
a: Receive Corpses, Renounce Religion


You were on level 3 of the Lair of Beasts.
You worshipped Kikubaaqudgha.
Kikubaaqudgha was most pleased with you.
You were not hungry.

You visited 3 branches of the dungeon, and saw 15 of its levels.

You collected 528 gold pieces.

Inventory:

Hand Weapons
 m - a +4 trident (weapon)
 p - a +0 halberd
 q - a +0 flail of venom
 w - a +0 hunting sling
Missiles
 e - 304 stones
 j - 91 sling bullets
 k - 78 bolts
 n - 212 arrows
 r - a throwing net (quivered) {!f}
 t - 18 poisoned needles
 u - 2 tomahawks
 A - 3 javelins
 B - 7 poisoned tomahawks
 H - 9 curare-tipped needles {!f}
Armour
 a - a +0 ring mail (worn)
 g - a +0 buckler (worn)
 l - the +0 pair of boots of Daisies (worn) {rPois}
   (You found it on level 1 of the Lair of Beasts)

   It protects you from poison.
 o - a +2 helmet (worn)
 y - a +2 pair of gloves (worn)
Magical Staves
 x - an uncursed staff of energy {!a}
Jewellery
 i - a ring of magical power (left hand)
 s - a +5 ring of intelligence
 v - a +6 ring of intelligence
 I - a ring of fire (right hand)
Wands
 C - a wand of acid (1)
 F - a wand of flame (21)
 G - a wand of random effects (33)
 J - a wand of disintegration (6)
Scrolls
 b - a scroll of identify {@r1}
 d - 3 scrolls of remove curse {@r2}
 f - 7 scrolls of immolation {!r}
 h - 3 scrolls of amnesia
 z - 2 scrolls of magic mapping
 D - 3 scrolls of teleportation {!d}
 E - 2 scrolls of enchant weapon


   Skills:
 + Level 9.4 Fighting
 - Level 1.5 Maces & Flails
 * Level 10.9 Polearms
 * Level 2.0 Armour
 - Level 4.0 Dodging
 - Level 4.0 Shields
 - Level 3.0 Spellcasting
 - Level 3.0 Hexes
 - Level 3.0 Charms
 + Level 9.3 Necromancy
 * Level 4.7 Evocations


You had 5 spell levels left.
You knew the following spells:

 Your Spells              Type           Power        Failure   Level  Hunger
a - Animate Skeleton      Necr           N/A          1%          1    N/A
b - Shroud of Golubria    Chrm/Tloc      #.........   28%         2    N/A
q - Infusion              Chrm           ##..         10%         1    N/A
v - Vampiric Draining     Necr           ####......   2%          3    N/A
R - Corpse Rot            Necr           N/A          1%          2    N/A
W - Spectral Weapon       Hex/Chrm       ##......     30%         3    N/A

Dungeon Overview and Level Annotations

Branches:
Dungeon (10/15)            Temple (1/1) D:7            Lair (4/6) D:8
 Shoals (0/4) Lair:2
  Snake: Lair:2-4    Spider: Lair:2-4       Orc: D:9-12

Altars:
Ashenzari
Cheibriados
Dithmenos
Elyvilon
Fedhas
Gozag
Hepliaklqana
Kikubaaqudgha
Makhleb
Nemelex Xobeh
Okawaru
Qazlal
Ru
Sif Muna
Trog
Uskayaw
Vehumet
Wu Jian
Xom
Yredelemnul
Zin
The Shining One

Shops:
D:10 *

Annotations:
D:7 exclusion: downstairs
D:9 exclusion: 2 downstairs
D:10 !unseen horrors,shop on an island
Lair:1 !hell hounds, exclusions: hydra and 4 more exclusions
Lair:3 Gastronok, exclusion: 2 downstairs, Gastronok


Innate Abilities, Weirdness & Mutations

You do not eat or drink.
Your flesh is vulnerable to fire.
You are immune to poison.
Your flesh is cold resistant. (rC+)
You are immune to negative energy. (rN+++)
You are immune to unholy pain and torment.
You can survive without breathing.


Message History

Here: a jumping spider The floor, spattered with blood.
Unknown command.
The jumping spider leaps!
The blink frog blinks!
The blink frog barely misses you.
Things that are here:
a yak corpse x2
Unknown command.
Casting: Vampiric Draining (safe; 2% risk of failure)
Confirm with . or Enter, or press ? or * to list all spells.
You attempt to give life to the dead...
Before your eyes, flesh is ripped from the corpse!
The dead are walking!
The blink frog misses you. You block the yak's attack.
Things that are here:
4 chunks of flesh; a yak corpse Unknown command.
Press: ? - help, v - describe, . - travel, g - get item Kikubaaqudgha's Reference Book on Stolen Souls.
There is something else lying underneath.
A stone staircase leading up, spattered with blood.
A jumping spider comes into view.
Your hippogriff skeleton bites the blink frog.
Your hippogriff skeleton pecks the blink frog!
Your hippogriff skeleton claws the blink frog.
You block the yak's attack.
The blink frog hits your hippogriff skeleton.
Your hippogriff skeleton is destroyed!
The blink frog croaks.
There is a stone staircase leading up, spattered with blood here.
Things that are here:
Kikubaaqudgha's Reference Book on Stolen Souls a yak corpse; a hydra skeleton
Casting: Animate Skeleton (safe; 1% risk of failure)
Confirm with . or Enter, or press ? or * to list all spells.
Okay, then.
Casting: Animate Skeleton (safe; 1% risk of failure)
Confirm with . or Enter, or press ? or * to list all spells.
You attempt to give life to the dead...
The dead are walking!
The blink frog hits you!
* * * LOW HITPOINT WARNING * * *
The blink frog blinks!
You block the yak's attack.
Damage: -9%(-8hp) hp: 43%(41hp) Unknown command.
You hit the yak.
The yak is moderately wounded.
The blink frog blinks!
Your yak skeleton completely misses the yak.
Unknown command.
Casting: Animate Skeleton (safe; 1% risk of failure)
Confirm with . or Enter, or press ? or * to list all spells.
Aiming: Vampiric Draining (safe; 2% risk of failure)
Press: ? - help, Shift-Dir - straight line, f - blink frog, p - yak
Aim: a blink frog (severely wounded)
The blink frog is almost dead.
You feel life coursing into your body. The blink frog hits you!
* * * LOW HITPOINT WARNING * * *
The yak closely misses you.
The blink frog blinks!
The jumping spider leaps!
The jumping spider pounces on your seven-headed hydra skeleton!
Your seven-headed hydra skeleton is caught in a web!
The jumping spider bites your seven-headed hydra skeleton.
The blink frog hits you!
* * * LOW HITPOINT WARNING * * *
Huge Dmg: -27%(-26hp) hp: 17%(16hp) Unknown command.
The blink frog completely misses your yak skeleton.
You block the yak's attack.
Your yak skeleton gores the yak!
The jumping spider pounces on your seven-headed hydra skeleton!
The jumping spider bites your seven-headed hydra skeleton.
The blink frog hits you!
* * * LOW HITPOINT WARNING * * *
The blink frog blinks!
Your seven-headed hydra skeleton struggles to get unstuck from the web.
You climb upwards.
Your mindless thralls stay behind.
Level annotation: Gastronok, exclusion: 2 downstairs, Gastronok
There is a stone staircase leading down here.
Huge Dmg: -13%(-13hp) hp: 4%(3hp) Unknown command.
As you read the scroll of fear, it crumbles to dust.
You assume a fearsome visage.
The blink frog resists with some effort.
The yak looks frightened!
The blink frog barely misses you.
Unknown command.
Press: ? - help, v - describe, . - travel
Here: a blink frog The floor.
The blink frog hits you but does no damage.
Unknown command.
Evoke which item? (* to show all) (? for menu, Esc to quit)
Aiming: Corrosive Bolt
Press: ? - help, Shift-Dir - straight line, f - blink frog
Aim: a blink frog The bolt of acid misses the blink frog.
The blink frog barely misses you.
Evoke which item? (* to show all) (? for menu, Esc to quit)
Aiming: Disintegrate
Press: ? - help, Shift-Dir - straight line, f/p - blink frog
Aim: a blink frog (chance to defeat MR: 67%)
The blink frog struggles to resist.
You block the blink frog's attack. The blink frog hits you!
You die...
Kikubaaqudgha rasps: "You have failed me!
Welcome... oblivion!"
PPP#

.PP## ..PP# ### ###
...P#####.#### #.# ### #
PP.P.##.#.##Y###.###P###.###
PP.P###.....................
PP.P#.#...P..P.PP.#..........##
P..PP.#...+.......#..###..P..P
.P...##...#.....@.#.......#P.###
P..............F.....#....P....#
.....................#........#
..........#.......#........P..#
..............#.#.#..#....PP.#
..........................#.P#
.....................#.......#
....#####.####...............#
....# ### #.......#.......#


You could see a yak (fleeing) and a blink frog.

Vanquished Creatures
  A catoblepas (Lair:2)
  Sonja (Lair:1)
  An oklob plant (Lair:1)
  A wolf spider (Lair:3)
  A manticore (Lair:2)
  2 elephants (Lair:3)
  2 black mambas
  Joseph (D:10)
  A gargoyle (D:10)
  2 spiny frogs (Lair:1)
  7 komodo dragons
  A troll (D:10)
  4 blink frogs
  A hippogriff (D:10)
  A redback (Lair:4)
  A spriggan (D:9)
  A wraith (D:10)
  4 basilisks
  22 yaks
  A wyvern (D:10)
  5 hungry ghosts
  4 water moccasins
  4 porcupines
  An orc warrior (D:8)
  2 phantoms
  3 sky beasts
  A hornet zombie (D:6)
  2 ogres (D:8)
  3 centaurs
  6 wolves
  3 crocodiles
  A big kobold (D:10)
  A gnoll sergeant (D:8)
  15 bullfrogs
  A water moccasin zombie (D:6)
  2 jellies
  A wyvern skeleton (D:10)
  A scorpion (D:8)
  A water moccasin skeleton (D:6)
  5 killer bees (D:9)
  2 howler monkeys
  4 crimson imps
  A quasit (D:9)
  4 centaur zombies (D:6)
  3 hounds
  2 orc priests
  7 orc wizards
  3 bullfrog zombies
  3 iguanas
  Natasha (thrice) (D:2)
  A hell rat (Lair:4)
  8 worker ants
  2 hound zombies (D:6)
  2 hound skeletons
  2 howler monkey zombies (D:6)
  A howler monkey skeleton (D:8)
  A worker ant zombie (D:6)
  16 gnolls
  22 adders
  2 river rats (Lair:4)
  A shadow imp (D:5)
  An ooze (D:3)
  3 adder zombies (D:6)
  3 adder skeletons
  2 worms (D:2)
  6 leopard geckos
  21 orcs
  8 bats
  12 giant cockroaches
  2 gnoll zombies (D:4)
  8 hobgoblins
  9 jackals
  2 quokkas
  A ball python skeleton (D:6)
  6 frilled lizards
  11 goblins
  15 kobolds
  2 leopard gecko skeletons (D:6)
  A leopard gecko zombie (D:6)
  A quokka skeleton (D:5)
  2 quokka zombies (D:6)
  16 rats
  2 plants (Lair:1)
342 creatures vanquished.

Vanquished Creatures (collateral kills)
  An elephant (Lair:3)
  A spiny frog (Lair:4)
  2 komodo dragons
  A blink frog (Lair:4)
  2 hippogriffs
  12 yaks
  A wyvern (Lair:2)
  A basilisk (Lair:1)
  A hell hound (Lair:1)
  2 water moccasins (Lair:4)
  An orc warrior (Temple)
  A black bear (Lair:2)
  An eye of draining (D:9)
  3 wolves
  A crocodile (Lair:2)
  3 bullfrogs
  A hound (D:10)
  An orc priest (D:8)
  A worker ant (D:8)
  A river rat (Lair:4)
  2 adders (Lair:3)
  2 orcs
  4 fungi
  A plant (Lair:1)
47 creatures vanquished.

Vanquished Creatures (others)
  10 fungi
  13 plants
  16 spectral weapons
39 creatures vanquished.

Grand Total: 428 creatures vanquished

Notes
Turn   | Place    | Note
-------+----------+-------------------------------------------
     0 | D:1      | dstrtn the Mummy Skald began the quest for the Orb.
     0 | D:1      | Reached XP level 1. HP: 16/16 MP: 4/4
   358 | D:1      | Reached XP level 2. HP: 21/23 MP: 5/5
   370 | D:1      | Learned a level 2 spell: Shroud of Golubria
   826 | D:1      | Reached skill level 1 in Shields
   952 | D:1      | Reached XP level 3. HP: 27/29 MP: 7/7
   983 | D:1      | Learned a level 3 spell: Spectral Weapon
  1091 | D:2      | Found a shimmering altar of Xom.
  1583 | D:2      | HP: 9/29 [worm (8)]
  1947 | D:2      | Reached XP level 4. HP: 32/35 MP: 0/8
  2640 | D:2      | Reached skill level 1 in Polearms
  2869 | D:2      | Reached XP level 5. HP: 41/41 MP: 9/9
  3035 | D:2      | Reached skill level 1 in Hexes
  3193 | D:2      | Noticed Natasha
  3208 | D:2      | Killed Natasha
  3254 | D:2      | Noticed Natasha
  3274 | D:2      | Killed Natasha
  3351 | D:2      | Noticed Natasha
  3497 | D:2      | Killed Natasha
  3676 | D:2      | Found a white marble altar of Elyvilon.
  3842 | D:3      | Reached XP level 6. HP: 47/47 MP: 6/10
  3919 | D:3      | Found a glowing silver altar of Zin.
  4991 | D:4      | Found a bloodstained altar of Trog.
  5045 | D:4      | Found a radiant altar of Vehumet.
  5071 | D:4      | Reached skill level 2 in Polearms
  5280 | D:4      | Found a basalt altar of Yredelemnul.
  5672 | D:5      | Entered Level 5 of the Dungeon
  5826 | D:5      | Found an ancient bone altar of Kikubaaqudgha.
  5826 | D:5      | Found a sacrificial altar of Ru.
  5836 | D:5      | Became a worshipper of Kikubaaqudgha
  6015 | D:5      | Noticed a water moccasin
  6024 | D:5      | Killed a water moccasin
  6024 | D:5      | Reached skill level 3 in Polearms
  6024 | D:5      | Reached XP level 7. HP: 52/52 MP: 10/11
  6693 | D:6      | Found a shattered altar of Ashenzari.
  6756 | D:6      | Found a snail-covered altar of Cheibriados.
  6840 | D:6      | HP: 17/52 [hornet zombie (9)]
  7060 | D:6      | Reached skill level 4 in Polearms
  7135 | D:6      | Reached * piety under Kikubaaqudgha
  7135 | D:6      | Identified Kikubaaqudgha's Incunabulum of Black Arts (Kikubaaqudgha gifted it to you on level 6 of the Dungeon)
  7135 | D:6      | Received a gift from Kikubaaqudgha
  7139 | D:6      | HP: 20/53 [orc/trident (4)]
  7155 | D:6      | HP: 8/53 [adder skeleton (4)]
  7160 | D:6      | HP: 3/53 [quokka zombie (3)]
  7236 | D:7      | HP: 14/53 [crimson imp (1)]
  7546 | D:7      | Found a blossoming altar of Fedhas.
  7894 | D:7      | HP: 20/53 [jelly (2)]
  7895 | D:7      | Reached XP level 8. HP: 23/60 MP: 12/12
  8103 | D:7      | Found a staircase to the Ecumenical Temple.
  8135 | D:7      | HP: 24/60 [bullfrog (7)]
  8152 | Temple   | Entered the Ecumenical Temple
  8341 | D:7      | Reached skill level 5 in Polearms
  8368 | Temple   | HP: 18/61 [orc warrior/hand axe (15)]
  8462 | Temple   | HP: 21/61 [orc warrior/hand axe (16)]
  8814 | Temple   | HP: 15/61 [orc warrior/hand axe (18)]
  8959 | Temple   | HP: 24/61 [orc warrior/hand axe (11)]
  9198 | Temple   | HP: 24/61 [orc warrior/hand axe (2)]
  9199 | Temple   | HP: 6/61 [orc warrior/hand axe (18)]
  9736 | D:7      | Reached skill level 5 in Fighting
  9839 | D:7      | Reached skill level 6 in Polearms
 10027 | D:7      | Noticed a hippogriff
 10054 | D:7      | HP: 22/62 [centaur/arrow (6)]
 10056 | D:7      | HP: 10/62 [centaur/arrow (1)]
 10592 | D:6      | Reached XP level 9. HP: 61/69 MP: 13/13
 10612 | D:5      | Learned a level 1 spell: Animate Skeleton
 10616 | D:5      | Learned a level 3 spell: Vampiric Draining
 10619 | D:5      | Learned a level 2 spell: Corpse Rot
 11045 | D:6      | Reached skill level 1 in Necromancy
 11814 | D:8      | Reached skill level 7 in Polearms
 11951 | D:8      | Found a hazy altar of Hepliaklqana.
 12302 | D:8      | Found a staircase to the Lair.
 12708 | D:8      | Upgraded the game from 0.22-a0-354-g30dfbe6 to 0.22-a0-355-g201945f
 12834 | D:9      | Reached ** piety under Kikubaaqudgha
 13413 | D:9      | Reached skill level 8 in Polearms
 13909 | D:9      | Reached skill level 5 in Necromancy
 13909 | D:9      | Reached XP level 10. HP: 67/77 MP: 13/14
 14180 | D:10     | Entered Level 10 of the Dungeon
 14404 | D:10     | Noticed a gargoyle
 14519 | D:10     | Noticed Joseph
 14550 | D:10     | Killed Joseph
 14800 | D:10     | HP: 27/79 [something (9)]
 14805 | D:10     | HP: 16/79 [something (3)]
 14830 | D:10     | HP: 17/79 [something (1)]
 14831 | D:10     | HP: 7/79 [something (10)]
 14833 | D:10     | HP: 3/79 [something (1)]
 15351 | D:10     | Killed a gargoyle
 15351 | D:10     | Reached skill level 9 in Polearms
 15478 | D:10     | Found Vefuetei's Island Escapes.
 15536 | D:10     | HP: 23/80 [yak (17)]
 15910 | Lair:1   | Entered Level 1 of the Lair of Beasts
 16070 | Lair:1   | Noticed a black mamba
 16079 | Lair:1   | Killed a black mamba
 16095 | Lair:1   | Reached XP level 11. HP: 83/86 MP: 10/15
 16442 | Lair:1   | Noticed an oklob plant
 16451 | Lair:1   | Killed an oklob plant
 16468 | Lair:1   | Got a pair of ancient boots
 16480 | Lair:1   | Identified the +0 pair of boots of Daisies {rPois} (You found it on level 1 of the Lair of Beasts)
 16625 | Lair:1   | Noticed Sonja
 16643 | Lair:1   | Killed Sonja
 16947 | Lair:1   | Noticed a six-headed hydra
 17034 | Lair:2   | Noticed a catoblepas
 17044 | Lair:2   | Killed a catoblepas
 17044 | Lair:2   | Reached skill level 1 in Evocations
 17053 | Lair:2   | Reached skill level 10 in Polearms
 17135 | Lair:2   | Found a staircase to the Shoals.
 17646 | Lair:3   | Noticed a wolf spider
 17653 | Lair:3   | Killed a wolf spider
 17653 | Lair:3   | Reached XP level 12. HP: 86/94 MP: 12/16
 17745 | Lair:3   | Noticed Gastronok
 18471 | Lair:4   | HP: 32/95 [black mamba (8)]
 18473 | Lair:4   | HP: 15/95 [rime drake/flash freeze (18)]
 18475 | Lair:4   | Noticed a death yak
 18979 | Lair:4   | Reached skill level 1 in Armour
 19327 | Lair:4   | Noticed an eight-headed hydra
 19522 | Lair:4   | Reached *** piety under Kikubaaqudgha
 19522 | Lair:4   | Identified Kikubaaqudgha's Reference Book on Stolen Souls (Kikubaaqudgha gifted it to you on level 4 of the Lair of Beasts)
 19522 | Lair:4   | Received a gift from Kikubaaqudgha
 19529 | Lair:4   | HP: 31/96 [blink frog (16)]
 19530 | Lair:4   | HP: 3/96 [blink frog (13)]
 19535 | Lair:3   | Mangled by a blink frog

Vault maps used:
D:1:      erik_arrival_orb_chamber
D:2:      marbit_many_paths, xom_butterflies, serial_bayou_ford_a, nrook_uturn,
          uniq_natasha
D:3:      corexii_shack_village, nicolae_overflow_hidden_temple,
          nicolae_underground_beach
D:4:      lemuel_crystal_altar, lemuel_coloured_pillars_altar,
          lemuel_zombie_altar_yredelemnul, first_ration
D:5:      chequers_temple_overflow_statue_of_worship
D:6:      cheibriados_altar_1, serial_undead, serial_undead_d, serial_undead_b,
          serial_undead_f, serial_undead_d, serial_undead_b, serial_undead_f,
          serial_undead_c, serial_undead_a, evilmike_ruin_ashenzari
D:7:      minmay_temple_entry_butterflies, fedhas_bush_and_centaur_altar
D:8:      lair_entry_dummy, basic_altar
D:9:      the_bakery, hangedman_glass_teeth
D:10:     nicolae_island_escapes, uniq_snorg, uniq_joseph
Temple:   cyrus_circular_temple
Lair:1:   enter_volcano_3, hibernation_bobbens, infiniplex_staircase_pool_2,
          serial_bayou_shore_b, grunt_megastairs_4, minmay_lair_oklob_chamber,
          uniq_sonja
Lair:2:   minmay_shoals_entry_beasts, beast_lair_carwin_5
Lair:3:   minmay_lair_venomous_thicket, uniq_gastronok
Lair:4:   nicolae_spider_entry_tight_spaces, lab_entry_generic,
          kennysheep_abandoned_house

Skill      XL: |  1  2  3  4  5  6  7  8  9 10 11 12 |
---------------+-------------------------------------+-----
Fighting       | 3 4 5 6 8 9 |  9.4
Shields        | 1 2 3 4 |  4.0
Polearms       | 1 3 4 6 8 9 10 | 10.9
Hexes          | 2 3 |  3.0
Spellcasting   | 3 |  3.0
Charms         | 3 |  3.0
Necromancy     | 5 7 9 |  9.3
Dodging        | 4 |  4.0
Evocations     | 3 4 |  4.7
Armour         | 2 |  2.0
Maces & Flails | |  1.5

Action                   |  1- 3 |  4- 6 |  7- 9 | 10-12 || total
-------------------------+-------+-------+-------+-------++-------
Melee: Mace              |   150 |    16 |       |       ||   166
       Halberd           |       |     7 |       |       ||     7
       Spear             |       |   213 |   332 |       ||   545
       Flail             |       |       |     5 |       ||     5
       Trident           |       |       |   166 |   455 ||   621
 Fire: Hunting sling     |       |     3 |       |       ||     3
 Cast: Shroud of Golubri |     7 |     3 |     8 |    13 ||    31
       Infusion          |     6 |     8 |       |       ||    14
       Spectral Weapon   |       |    23 |    68 |    58 ||   149
       Animate Skeleton  |       |       |    26 |    73 ||    99
       Corpse Rot        |       |       |     8 |    23 ||    31
       Vampiric Draining |       |       |     2 |    32 ||    34
Invok: Receive Corpses   |       |       |     6 |    24 ||    30
Evoke: Wand              |       |    24 |     2 |    19 ||    45
  Use: Scroll            |     3 |     5 |    11 |     9 ||    28
 Stab: Paralysed         |       |     6 |       |       ||     6
       Sleeping          |       |     1 |       |       ||     1
       Distracted        |       |     1 |     4 |     6 ||    11
       Petrifying        |       |       |       |     1 ||     1
       Petrified         |       |       |       |     1 ||     1
Armor: Leather armour    |    48 |    28 |    78 |       ||   154
       Robe              |       |       |     1 |    49 ||    50
       Ring mail         |       |       |       |    15 ||    15
Dodge: Dodged            |   100 |    74 |   157 |   142 ||   473
Block: Buckler           |    21 |    27 |    72 |    60 ||   180

Table legend:
 A = Spawn XP
 B = Non-spawn XP
 C = Spawn XP percentage of total XP
 D = Spawn monster count
 E = Non-spawn monster count
 F = Spawn count percentage of total count
 G = Total turns spent on level
                    A         B        C        D         E        F      G
               +---------+---------+-------+---------+---------+-------+---------
         Total |       0 |   29764 |   0.0 |       0 |     382 |   0.0 | 19535
               +---------+---------+-------+---------+---------+-------+---------
           D:1 |       0 |      46 |   0.0 |       0 |      32 |   0.0 |  1806
           D:2 |       0 |     329 |   0.0 |       0 |      33 |   0.0 |  1986
           D:3 |       0 |     109 |   0.0 |       0 |      30 |   0.0 |  1001
           D:4 |       0 |     106 |   0.0 |       0 |       9 |   0.0 |   983
           D:5 |       0 |     421 |   0.0 |       0 |      18 |   0.0 |  1099
           D:6 |       0 |    1020 |   0.0 |       0 |      36 |   0.0 |  1495
           D:7 |       0 |    1074 |   0.0 |       0 |      23 |   0.0 |  1996
           D:8 |       0 |    1088 |   0.0 |       0 |      23 |   0.0 |  1217
           D:9 |       0 |    2117 |   0.0 |       0 |      31 |   0.0 |  1884
          D:10 |       0 |    3372 |   0.0 |       0 |      32 |   0.0 |  1264
        Temple |       0 |     104 |   0.0 |       0 |       1 |   0.0 |  1277
        Lair:1 |       0 |    4562 |   0.0 |       0 |      19 |   0.0 |  1011
        Lair:2 |       0 |    5005 |   0.0 |       0 |      25 |   0.0 |   477
        Lair:3 |       0 |    5698 |   0.0 |       0 |      36 |   0.0 |  1429
        Lair:4 |       0 |    4713 |   0.0 |       0 |      34 |   0.0 |   610
               +---------+---------+-------+---------+---------+-------+---------
